AoeStats
← Dengueツ

Highland

505354237Analyzed
2v2 RM · 24d ago on Sep 9, 2026· 44m 11s· 4 players
Game mode
Random Map
Map size
Medium (4 player)
Population
200
Speed
Normal
Resources
Standard
Victory
Conquest
Starting age
Dark Age
Ending age
Imperial Age
RankedLock teamsTeams togetherTeam positionsShared explorationLock speedFull tech treeHidden civsTurbo modeCheats
Victory
Defeat
🇦🇷 Gurjaras · Argentina
883
+15
🇦🇷 Persians · Argentina
875
+15
🇨🇴 Jurchens · Colombia
862
-15
🇧🇷 Chinese · Brazil
862
-15
AxelCrow
0:33 Loom
14:19 Feudal Age
14:58 Gold Mining
17:05 Arson
18:09 Fishing Lines
20:34 Castle Age
18:49 Double-Bit Axe
19:41 Fletching
19:51 Padded Archer Armor
19:53 Horse Collar
20:50 Stone Mining
22:39 Thumb Ring
23:36 Squires
24:18 Bow Saw
25:09 Murder Holes
25:55 Caravan
26:41 Bodkin Arrow
27:02 Leather Archer Armor
27:54 Man-at-Arms
32:24 Imperial Age
32:32 Imperial Age
32:23 Wheelbarrow
31:33 Town Watch
32:10 Long Swordsman
33:49 Town Patrol
34:02 Great Wall
35:02 Ballistics
35:22 Two-Handed Swordsman
35:23 Pikeman
36:34 Bracer
37:37 Gold Shaft Mining
40:22 Champion
Rogebeto
7:05 Loom
11:20 Feudal Age
16:51 Castle Age
23:17 Wheelbarrow
31:59 Hand Cart
32:47 Double-Bit Axe
32:56 Horse Collar
34:34 Heavy Plow
34:47 Bow Saw
34:32 Gold Mining
34:33 Stone Mining
Miyagi - El abuelo
7:45 Loom
10:24 Feudal Age
11:08 Double-Bit Axe
16:02 Bloodlines
19:04 Castle Age
18:21 Forging
18:41 Horse Collar
20:36 Scale Barding Armor
24:25 Heavy Plow
26:14 Bow Saw
29:29 Wheelbarrow
29:49 Husbandry
29:11 Light Cavalry
30:25 Chain Barding Armor
30:11 Scale Mail Armor
32:15 Iron Casting
33:22 Fletching
37:25 Imperial Age
36:45 Hand Cart
38:44 Plate Barding Armor
39:57 Hussar
40:59 Elite Shrivamsha Rider
43:04 Conscription
42:37 Siege Elephant
Dengueツ
10:19 Feudal Age
10:57 Double-Bit Axe
10:53 Horse Collar
13:16 Wheelbarrow
16:55 Castle Age
16:11 Wheelbarrow
18:24 Bow Saw
25:25 Heavy Plow
30:07 Imperial Age
27:55 Town Watch
29:11 Hand Cart
30:02 Heavy Camel Rider
31:28 Stone Mining
32:04 Bloodlines
31:58 Husbandry
32:11 Forging
32:07 Scale Barding Armor
32:42 Gold Mining
33:25 Scale Barding Armor
35:11 Iron Casting
37:54 Conscription
39:49 Crop Rotation
39:08 Light Cavalry
40:44 Gold Shaft Mining
42:12 Blast Furnace
41:33 Chain Barding Armor
Connection lost

Rejoining the realm…

Still unreachable

The connection could not be restored.

Session expired

The server has moved on; the page needs a fresh start.